 Dungeon Crawl Stone Soup version 0.28-a0-730-g892d06dc2c (webtiles) character file.

Game seed: 9520309372167210247

21 lengel the Covered (level 3, 0/29 HPs)
             Began as a Human Fighter on Oct 28, 2021.
             Succumbed to Crazy Yiuf's poison
             ... on level 2 of the Dungeon.
             The game lasted 00:05:13 (592 turns).

lengel the Covered (Human Fighter)                   Turns: 592, Time: 00:05:14

Health: 0/29       AC:  6    Str: 17    XL:     3   Next: 2%
Magic:  3/3        EV:  9    Int:  8    God:
Gold:   59         SH:  4    Dex: 12    Spells: 2/2 levels left

rFire   . . .      SeeInvis .   a - +0 war axe
rCold   . . .      Faith    .   c - +0 buckler
rNeg    . . .      Spirit   .   b - +0 scale mail
rPois   .          Reflect  .   (no helmet)
rElec   .          Harm     .   (no cloak)
rCorr   .          Rampage  .   (no gloves)
Will    .....                   (no boots)
Stlth   ..........              (no amulet)
HPRegen 0.09/turn               (no ring)
MPRegen 0.08/turn               (no ring)

@: mighty, lethally poisoned (0 -> -2)
A: no striking features
a: no special abilities


You were on level 2 of the Dungeon.
You visited 1 branch of the dungeon, and saw 2 of its levels.

You collected 59 gold pieces.

Inventory:

Hand Weapons
 a - a +0 war axe (weapon)
Armour
 b - a +0 scale mail (worn)
 c - a +0 buckler (worn)
Scrolls
 e - 2 scrolls of identify


   Skills:
 + Level 3.0 Fighting
 * Level 2.8 Axes
 + Level 3.1 Armour
 + Level 0.2 Dodging
 + Level 3.1 Shields


You had 2 spell levels left.
You didn't know any spells.
Your spell library was empty.

Dungeon Overview and Level Annotations

Branches:
Dungeon (2/15)

Altars:

Annotations:
D:2 Crazy Yiuf


Message History

Crazy Yiuf grits, "Blight childish cower!"
Crazy Yiuf waves his quarterstaff at you.
Crazy Yiuf laughs, "Leather broken down!"
HP restored.
You open the door. You hit Crazy Yiuf but do no damage.
Crazy Yiuf closely misses you.
You closely miss Crazy Yiuf. You block Crazy Yiuf's attack.
Crazy Yiuf hits you with a +2 quarterstaff of chaos!
You hit Crazy Yiuf but do no damage.
Crazy Yiuf hits you with a +2 quarterstaff of chaos!
Crazy Yiuf burns you.
No item to drop.
Drop what? 6/52 slots (_ for help) (? for menu, Esc to quit)
Okay, then.
Unknown command.
You are confused.
You feel invigorated. Crazy Yiuf barely misses you.
You feel very mighty all of a sudden.
Crazy Yiuf hits you with a +2 quarterstaff of chaos.
You are lethally poisoned!
You feel less invigorated.
You feel less confused.
You feel very sick.
Crazy Yiuf screams, "Line infinity tea!"
* * * LOW HITPOINT WARNING * * *
You feel very sick.
* * * LOW HITPOINT WARNING * * *
You feel sick.
* * * LOW HITPOINT WARNING * * *
You feel sick.
* * * LOW HITPOINT WARNING * * *
You feel sick.
* * * LOW HITPOINT WARNING * * *
You feel sick.
* * * LOW HITPOINT WARNING * * *
You feel sick.
* * * LOW HITPOINT WARNING * * *
You feel sick.
Crazy Yiuf cries, "Castle agre mobile!"
You die...

**********
##.#
#..........
,,,,,,,,,*
#.##
#.####..###
********,*
##.# #.#
##.# *,*
##.## #.#
#.#*# *,*
##P..# #.#
#.##. *,*
#P.P.# #.#
#.##. *,*
#g...# #.#
#.##. *,*
###....# #.#
#.##. *,*
#..@†.## #.#
#.##. *,*
#....## #.#
#.#.. *,*
#.#### #.#
#.... *,*
#.# #.#
###.. *,*
#.# #.# ##.
*,* #.#
##.########.
*,* #†###
#.........#.
*,****#...#
#..######.#.
*,,,,*#.#.#
#..######.#.


You could see Crazy Yiuf.

Vanquished Creatures
  An adder (D:2)
  A dart slug (D:2)
  An endoplasm (D:2)
  A giant cockroach (D:1)
  A goblin (D:1)
  A bat (D:2)
  A frilled lizard (D:1)
  2 kobolds
  2 rats
11 creatures vanquished.

Vanquished Creatures (others)
  2 fungi (D:2)
2 creatures vanquished.

Grand Total: 13 creatures vanquished

Notes
Turn   | Place    | Note
-------+----------+-------------------------------------------
     0 | D:1      | lengel the Human Fighter began the quest for the Orb.
     0 | D:1      | Reached XP level 1. HP: 18/18 MP: 1/1
   204 | D:1      | Found a faded altar of an unknown god.
   381 | D:2      | Reached XP level 2. HP: 24/24 MP: 2/2
   465 | D:2      | Reached XP level 3. HP: 21/29 MP: 3/3
   492 | D:2      | Found a runed translucent door.
   493 | D:2      | Noticed Crazy Yiuf
   591 | D:2      | HP: 1/29 [poisoned by Crazy Yiuf]
   592 | D:2      | Succumbed to Crazy Yiuf's poison

Illustrated notes

Levels and vault maps discovered:
D:1:      ncdulo_lavacross, layout_basic, ebering_ecumenical_altar_rust
D:2:      layout_loops_ring, uniq_crazy_yiuf_cottage

Action                   || total
-------------------------++-------
Melee: War axe           ||    51
  Use: Scroll            ||     2
       Potion            ||     2
Armor: Scale mail        ||    35
Dodge: Dodged            ||    26
Block: Buckler           ||    14

Table legend: (Time is in decaauts)
 A = Elapsed time spent in this place.
 B = Non-inter-level travel time spent in this place.
 C = Inter-level travel time spent in this place.
 D = Time resting spent in this place.
 E = Time spent auto-exploring this place.
 F = Levels seen in this place.
 G = Mean time per level.
                   A        B        C        D        E       F      G
               +--------+--------+--------+--------+--------+-----+--------+
         Total |    612 |    609 |      3 |     82 |     23 |   2 |  306.0 |
       Dungeon |    612 |    609 |      3 |     82 |     23 |   2 |  306.0 |
               +--------+--------+--------+--------+--------+-----+--------+

Top non-repeatable levels by time:
     D:1: 346 daAuts
     D:2: 266 daAuts
